 Dungeon Crawl Stone Soup version 0.29.1-1-gd02db6906a (webtiles) character file.

Game seed: 16577609177664384546

4473 Gabide the Charlatan (level 10, -2/88 HPs)
             Began as a Red Draconian Artificer on Oct 14, 2022.
             Was a Follower of Uskayaw.
             Slain by a centaur warrior simulacrum (21 damage)
             ... on level 10 of the Dungeon.
             The game lasted 00:14:10 (9778 turns).

Gabide the Charlatan (Red Draconian Artificer)      Turns: 9778, Time: 00:14:11

Health: -2/88      AC: 12    Str: 21    XL:     10   Next: 15%
Magic:  10/10      EV: 14    Int: 13    God:    Uskayaw [*.....]
Gold:   337        SH:  0    Dex: 11    Spells: 9/9 levels left

rFire   + . .      SeeInvis +   b - +3 dire flail (holy)
rCold   . . .      Faith    .   (shield currently unavailable)
rNeg    + . .      Spirit   .   (body armour unavailable)
rPois   .          Reflect  .   (helmet restricted)
rElec   .          Harm     .   n - +0 cloak
rCorr   +          Rampage  .   (no gloves)
Will    .....                   (no boots)
Stlth   ++........              (no amulet)
HPRegen 0.24/turn               o - ring of see invisible
MPRegen 0.12/turn               B - ring "Wekaz" {Fly rN+ rCorr AC+4 Str+3}

@: short of breath, flying, slowed, very slow
A: breathe fire, AC +7, unfitting armour, fire resistance 1, cold-blooded
a: Breathe Fire, Renounce Religion, Stomp


You were on level 10 of the Dungeon.
You worshipped Uskayaw.
Uskayaw was noncommittal.
You visited 2 branches of the dungeon, and saw 11 of its levels.

You collected 465 gold pieces.
You spent 128 gold pieces at shops.

Inventory:

Hand Weapons
 a - a +2 whip of venom
 b - a +3 dire flail of holy wrath (weapon)
Missiles
 j - 2 throwing nets
Armour
 n - a +0 cloak (worn)
 D - an orb of energy
Jewellery
 o - a ring of see invisible (left hand)
 B - the ring "Wekaz" (right hand) {Fly rN+ rCorr AC+4 Str+3}
   (You found it on level 7 of the Dungeon)

   [ring of protection]

   AC:        It affects your AC (+4).
   Str:       It affects your strength (+3).
   rN:        It protects you from negative energy.
   Fly:       It grants you flight.
   rCorr:     It protects you from acid and corrosion.
Wands
 c - a wand of charming (3)
 d - a wand of iceblast (3)
 t - a wand of roots (15)
 w - a wand of polymorph (3)
 x - a wand of flame (4) (quivered)
 F - a wand of acid (4)
Scrolls
 f - a scroll of noise {unknown}
 g - 3 scrolls of teleportation
 k - 2 scrolls of fear
 p - 3 scrolls of immolation
 r - a scroll of vulnerability {unknown}
 y - a scroll of summoning {unknown}
 E - a scroll of magic mapping {unknown}
Potions
 e - a potion of cancellation
 h - 4 potions of flight
 i - 2 potions of resistance
 l - 2 potions of haste
 m - a potion of brilliance {unknown}
 q - 2 potions of heal wounds
 s - 2 potions of lignification {unknown}
 u - 2 potions of berserk rage
 v - a potion of might {unknown}
 z - a potion of attraction {unknown}
 A - 2 potions of invisibility {unknown}
 C - a potion of magic {unknown}


   Skills:
 + Level 7.8 Fighting
 + Level 7.3 Maces & Flails
 + Level 6.9 Dodging
 - Level 3.0 Stealth
 + Level 7.9 Evocations


You had 9 spell levels left.
You didn't know any spells.
Your spell library contained the following spells:

 Spells                   Type           Power      Damage    Failure   Level
 Magic Dart               Conj           0%         1d3       30%         1
 Searing Ray              Conj           0%         2d4       43%         2
 Sublimation of Blood     Necr           0%         N/A       43%         2
 Fulminant Prism          Conj/Hex       0%         3d6       97%         4
 Iskenderun's Mystic Bla  Conj/Tloc      0%         2d3       97%         4
 Petrify                  Tmut/Erth      0%         N/A       97%         4
 Irradiate                Conj/Tmut      0%         3d11      100%        5
 Lee's Rapid Deconstruct  Erth           0%         3d5*      100%        5
 Borgnjor's Revivificati  Necr           0%         N/A       100%        8
 Necromutation            Tmut/Necr      0%         N/A       100%        8
 Death's Door             Necr           0%         N/A       100%        9


Dungeon Overview and Level Annotations

Branches:
Dungeon (11/15)            Temple (1/1) D:7
   Lair: D:8-11         Orc: D:9-12

Altars:
Ashenzari
Cheibriados
Dithmenos
Elyvilon
Hepliaklqana
Kikubaaqudgha
Nemelex Xobeh
Okawaru
Ru
Sif Muna
Trog
Uskayaw
Vehumet
Wu Jian
Yredelemnul
Zin
The Shining One

Shops:
D:6 *

Annotations:
D:5 2 transporters, decrepitue's ghost, novice OpFE
D:11 3 runed translucent doors, KamiKatze's ghost, journeyman DECj


Innate Abilities, Weirdness & Mutations

You can breathe blasts of fire.
Your fiery red scales are hard. (AC +7)
You cannot fit into any form of body armour.
Your flesh is heat resistant. (rF+)
You are cold-blooded and may be slowed by cold attacks.


Message History

You fly upwards.
Found a war axe.
There is a stone staircase leading down here.
You have got your breath back.
HP restored. 2 centaur warrior simulacra come into view.
A centaur warrior simulacrum comes into view.
A wolf comes into view.
Found a scroll labelled KACO BUAHUANI.
The centaur warrior simulacrum misses you.
The centaur warrior simulacrum closely misses you.
The centaur warrior simulacrum hits you!
The centaur warrior simulacrum freezes you!!
You feel yourself slow down.
The centaur warrior simulacrum kicks you but does no damage.
The centaur warrior simulacrum hits you.
The centaur warrior simulacrum freezes you!!
You feel as though you will be slow longer.
* * * LOW HITPOINT WARNING * * *
The centaur warrior simulacrum kicks you but does no damage.
Unknown command.
Unknown command.
Okay, then.
Unknown command.
Aiming: Breathe Fire (3% risk of failure)
Press: ? - help, Shift-Dir - straight line, f - centaur warrior simulacrum
Aim: a centaur warrior simulacrum (97% to hit)
You breathe a blast of fire.
The fiery breath hits the centaur warrior simulacrum!
The centaur warrior simulacrum melts!
The centaur warrior simulacrum is heavily damaged.
The fiery breath hits the centaur warrior simulacrum!
The centaur warrior simulacrum melts!
The centaur warrior simulacrum is heavily damaged.
You hear a howl!
The centaur warrior simulacrum hits you.
* * * LOW HITPOINT WARNING * * *
The centaur warrior simulacrum freezes you!!
You feel as though you will be slow longer.
You die...

.###?. ......
#.....~
...~~~~
~~~≈≈≈≈
Z....≈≈
####h..~~~≈
#.@ZZ..§~.~
#.######...
#.########
#.........
####..######
#......>...#
#...#...###.#
...#.....#
.....#.).#


You could see a wolf and 2 centaur warrior simulacra.

Vanquished Creatures
  An ugly thing (D:11)
  A torpor snail (D:11)
  Psyche (D:8)
  A troll (D:11)
  A wraith (D:11)
  Eustachio (D:4)
  Edmund (D:5)
  3 water moccasins
  An orc warrior (D:7)
  2 ice beasts (D:7)
  3 black bears
  An ogre (D:5)
  A phantom (D:4)
  2 bullfrogs
  A gnoll sergeant (D:7)
  3 scorpions
  3 necrophages
  A wight (D:7)
  7 killer bees (D:7)
  A howler monkey (D:7)
  A centaur zombie (D:4)
  5 hounds
  Crazy Yiuf (D:4)
  2 gnoll boudas
  2 jellies
  2 orc priests
  An iguana (D:4)
  Jessica (D:3)
  2 orc wizards (D:5)
  A scorpion zombie (D:4)
  A hound zombie (D:4)
  A howler monkey zombie (D:4)
  10 gnolls
  3 white imps
  An adder skeleton (D:4)
  A dart slug (D:1)
  18 orcs
  4 endoplasms
  2 giant cockroaches
  9 goblins
  13 hobgoblins
  12 jackals
  3 quokkas
  7 ball pythons
  6 bats
  3 frilled lizards
  11 kobolds
  A quokka zombie (D:4)
  5 rats
165 creatures vanquished.

Vanquished Creatures (collateral kills)
  An ice beast (D:7)
  A killer bee (D:7)
  A hound (D:7)
  Robin (D:2)
4 creatures vanquished.

Vanquished Creatures (others)
  6 goblins (D:2)
  A withered plant (D:4)
7 creatures vanquished.

Grand Total: 176 creatures vanquished

Notes
Turn   | Place    | Note
-------+----------+-------------------------------------------
     0 | D:1      | Gabide the Draconian Artificer began the quest for the Orb.
     0 | D:1      | Reached XP level 1. HP: 16/16 MP: 1/1
    29 | D:1      | Reached skill level 1 in Stealth
   482 | D:1      | Reached XP level 2. HP: 15/23 MP: 2/2
  1112 | D:1      | Reached XP level 3. HP: 26/29 MP: 3/3
  1503 | D:2      | Noticed Robin
  1534 | D:2      | Killed Robin
  2054 | D:2      | Reached XP level 4. HP: 36/36 MP: 4/4
  2429 | D:3      | Noticed Jessica
  2437 | D:3      | Killed Jessica
  2737 | D:3      | Identified the +1 leather armour of Freedom {rPois Str+2}
  2898 | D:3      | Found an iron altar of Okawaru.
  3147 | D:4      | Reached XP level 5. HP: 23/44 MP: 5/5
  3388 | D:4      | Noticed a black bear
  3398 | D:4      | Killed a black bear
  3399 | D:4      | Reached XP level 6. HP: 34/51 MP: 6/6
  3544 | D:4      | Found a runed translucent door.
  3545 | D:4      | Noticed Crazy Yiuf
  4025 | D:4      | Noticed Eustachio
  4038 | D:4      | Killed Eustachio
  4039 | D:4      | Reached skill level 5 in Evocations
  4039 | D:4      | Reached skill level 1 in Maces & Flails
  4039 | D:4      | Your scales start taking on a fiery red colour.
  4039 | D:4      | Reached XP level 7. HP: 21/59 MP: 7/7
  4039 | D:4      | Gained mutation: Your flesh is heat resistant. (rF+) [Red
                  | Draconian growth]
  4309 | D:4      | Found a basalt altar of Yredelemnul.
  4683 | D:4      | Killed Crazy Yiuf
  4778 | D:5      | Entered Level 5 of the Dungeon
  4778 | D:5      | Found a shimmering blue altar of Sif Muna.
  4833 | D:5      | Noticed decrepitue's ghost (novice OpFE)
  5319 | D:5      | Noticed Edmund
  5327 | D:5      | Killed Edmund
  5328 | D:5      | Reached XP level 8. HP: 63/67 MP: 8/8
  5447 | D:5      | Found a transporter.
  5612 | D:5      | Found an ornate altar of the Wu Jian Council.
  5775 | D:5      | Found a transporter.
  6233 | D:6      | Found Koseiq's Assorted Antiques.
  6240 | D:6      | Reached skill level 5 in Fighting
  6258 | D:6      | Bought a scroll of teleportation for 99 gold pieces
  6258 | D:6      | Bought an emerald potion for 29 gold pieces
  6317 | D:6      | Found a sparkling altar of Nemelex Xobeh.
  6652 | D:6      | Reached skill level 5 in Maces & Flails
  6843 | D:6      | Reached skill level 5 in Dodging
  7582 | D:7      | Reached XP level 9. HP: 26/75 MP: 9/9
  8510 | D:7      | Found a staircase to the Ecumenical Temple.
  8540 | D:7      | Identified the ring "Wekaz" {Fly rN+ rCorr AC+4 Str+3}
  9183 | Temple   | Entered the Ecumenical Temple
  9269 | Temple   | Became a worshipper of Uskayaw the Reveller
  9341 | D:7      | Reached * piety under Uskayaw
  9453 | D:8      | Noticed Psyche
  9456 | D:8      | Killed Psyche
  9456 | D:8      | Reached ** piety under Uskayaw
  9463 | D:8      | Reached *** piety under Uskayaw
  9465 | D:8      | Reached **** piety under Uskayaw
  9480 | D:8      | You are sucked into a shaft and drop 3 floors!
  9501 | D:11     | Found a runed translucent gate.
  9501 | D:11     | Found a runed translucent gate.
  9502 | D:11     | Found a runed translucent gate.
  9503 | D:11     | Noticed a freezing wraith
  9505 | D:11     | Noticed a freezing wraith
  9505 | D:11     | Noticed KamiKatze's ghost (journeyman DECj)
  9575 | D:11     | Noticed an orange demon
  9575 | D:11     | Noticed Urug
  9575 | D:11     | Noticed a troll
  9579 | D:11     | Killed a troll
  9606 | D:11     | Noticed a rime drake
  9615 | D:11     | Noticed Urug
  9615 | D:11     | Urug changed into Urug the torpor snail
  9628 | D:11     | Killed Urug the torpor snail
  9629 | D:11     | Reached XP level 10. HP: 75/88 MP: 10/10
  9721 | D:11     | Noticed a brown ugly thing
  9733 | D:11     | Killed a brown ugly thing
  9738 | D:10     | Entered Level 10 of the Dungeon
  9778 | D:10     | Slain by a centaur warrior simulacrum

Illustrated notes

Levels and vault maps discovered:
D:1:      psy_arrival_dodecagon, layout_basic
D:2:      layout_rooms, uniq_robin
D:3:      minmay_door_path, layout_rooms, mainiacjoe_overflow_paths,
          okawaru_altar_gauntlet_db, uniq_jessica
D:4:      layout_basic, mainiacjoe_overflow_six_doors_small, serial_undead,
          serial_undead_a, serial_undead_d, serial_undead_f, serial_undead_c,
          serial_undead_c, serial_undead_c, amcnicky_mini_pool_small,
          grunt_ministairs_2, uniq_eustachio, uniq_crazy_yiuf_cottage
D:5:      layout_basic, nzn_wu_jian_council_hall, overflow_temple_1_default,
          gammafunk_ghost_arena, dk_noncrumbling_3, nrook_mini_vaults,
          uniq_edmund
D:6:      layout_rooms, nemelex_xobeh_ov_fountains_minmay, serial_shops,
          nicolae_shop_hallway_plus, st_stairs_9
D:7:      minmay_bubble_buster, layout_cave_pools, minmay_temple_entry_fiery,
          roderic_roman_lattice
D:8:      layout_loops_corners, minmay_lair_entry_grove, serial_shops, shop,
          shop, nicolae_square_shop, uniq_psyche
D:10:     layout_loops_ring, mainiacjoe_overflow_tiny_flanked, erik_orc_2,
          serial_ice, serial_ice_f, serial_ice_k, serial_ice_m, serial_ice_c,
          corexii_checkpoint_a, bh_circular_ruins
D:11:     layout_roguey, portal_ice_cave_rime, gammafunk_ghost_spectres,
          kennysheep_generic_room_16, uniq_amaemon, uniq_urug
Temple:   nicolae_temple_godzebo

Skill      XL: |  1  2  3  4  5  6  7  8  9 |
---------------+----------------------------+-----
Stealth        | 1 2 3 |  3.0
Fighting       | 2 3 4 6 7 |  7.8
Dodging        | 3 4 5 6 |  6.9
Evocations     | 4 5 6 7 |  7.9
Maces & Flails | 1 4 5 7 |  7.3

Action                   |  1- 3 |  4- 6 |  7- 9 | 10-12 || total
-------------------------+-------+-------+-------+-------++-------
Melee: Club              |    35 |       |       |       ||    35
       Quarterstaff      |   107 |    86 |       |       ||   193
       Tailslap          |    15 |    16 |    64 |     1 ||    96
       Whip              |       |    50 |    75 |       ||   125
       Punch             |       |     1 |     3 |       ||     4
       Dire flail        |       |       |   252 |     5 ||   257
 Abil: Breathe Fire      |       |       |     9 |     2 ||    11
Evoke: Wand              |    13 |     7 |    15 |     2 ||    37
  Use: Scroll            |     3 |     2 |     6 |       ||    11
       Potion            |       |       |     2 |       ||     2
 Stab: Sleeping          |     2 |     5 |     4 |       ||    11
       Paralysed         |       |       |     2 |     1 ||     3
Armor: Skin              |    70 |    73 |   110 |     4 ||   257
Dodge: Dodged            |   137 |   111 |   271 |     4 ||   523
